 Dungeon Crawl Stone Soup version 0.30.1-9-gdf580d7c3d (webtiles) character file.

Game seed: 15273284440364572345

1960 booth the Chopper (level 9, -1/61 HPs)
             Began as a Demonspawn Gladiator on Oct 18, 2023.
             Was a Believer of Hepliaklqana.
             Slain by an orc knight
             ... wielding a +0 glaive
              (11 damage)
             ... in a bailey.
             The game lasted 00:30:09 (6014 turns).

booth the Chopper (Demonspawn Gladiator)            Turns: 6014, Time: 00:30:09

Health: -1/61      AC: 11    Str: 17    XL:     9   Next: 0%
Magic:  9/9        EV: 14    Int: 11    God:    Hepliaklqana [**....]
Gold:   333        SH:  0    Dex: 15    Spells: 8/8 levels left

rFire   + . .        a - +2 war axe (freeze)
rCold   . . .        (no shield)
rNeg    . . .        j - +3 leather armour of Death Resistance {Rampage rF+}
rPois   .            c - +0 helmet
rElec   .            (no cloak)
rCorr   .            k - +0 pair of gloves
SInv    .            u - +0 pair of boots
Will    .....        (no amulet)
Stlth   +            (no ring)
HPRegen 0.30/turn    (no ring)
MPRegen 0.11/turn

%: rampage
@: no status effects
A: reduced essence, claws 2, yellow scales 1, foul stench 1
a: Renounce Religion, Recall Ancestor, Ancestor Identity


You were in a bailey.
You worshipped Hepliaklqana.
Hepliaklqana was pleased with you.
You visited 1 branch of the dungeon, and saw 7 of its levels.
You also visited: Bailey.

You collected 333 gold pieces.

Inventory:

Hand Weapons
 a - a +2 war axe of freezing (weapon)
 l - a +4 mace of draining
Missiles
 d - 5 throwing nets
 e - 3 javelins
 o - 14 poisoned darts (quivered)
 B - a curare-tipped dart
Armour
 c - a +0 helmet (worn)
 j - the +3 leather armour of Death Resistance (worn) {Rampage rF+}
   (You found it on level 3 of the Dungeon)

   rF:        It protects you from fire.
   Rampage:   It bestows one free step when moving towards enemies.
 k - a +0 pair of gloves (worn)
 u - a +0 pair of boots (worn)
Jewellery
 f - an amulet of faith
Wands
 x - a wand of mindburst (19)
 y - a wand of flame (15)
Scrolls
 b - 2 scrolls of immolation
 m - a scroll of amnesia
 p - 2 scrolls of poison
 q - 2 scrolls of blinking
 r - a scroll of silence
 t - a scroll of fog
 v - a scroll of magic mapping
Potions
 g - 3 potions of attraction
 h - a potion of mutation
 i - 2 potions of curing
 n - 2 potions of resistance
 w - a potion of cancellation
 z - a potion of brilliance
 A - 2 potions of lignification
 C - 2 potions of invisibility {unknown}
 D - a potion of ambrosia {unknown}


   Skills:
 + Level 5.5 Fighting
 * Level 7.3 Axes
 + Level 5.1 Throwing
 + Level 5.4 Dodging


You had 8 spell levels left.
You didn't know any spells.
Your spell library contained the following spells:

 Spells                   Type           Power      Damage    Failure   Level
 Apportation              Tloc           0%         N/A       41%         1
 Freeze                   Ice            0%         1d3       41%         1
 Necrotise                Necr           0%         1d4       41%         1
 Sting                    Tmut/Pois      0%         1d3       41%         1
 Summon Small Mammal      Summ           0%         N/A       41%         1
 Poisonous Vapours        Pois/Air       0%         N/A       54%         2
 Frozen Ramparts          Ice            0%         1d1       78%         3
 Hailstorm                Conj/Ice       0%         3d3       78%         3
 Inner Flame              Hex/Fire       0%         N/A       78%         3
 Ozocubu's Armour         Ice            0%         N/A       78%         3
 Olgreb's Toxic Radiance  Pois           0%         N/A       99%         4
 Metabolic Englaciation   Hex/Ice        0%         N/A       100%        5
 Yara's Violent Unravell  Hex/Tmut       0%         3d3       100%        5
 Simulacrum               Ice/Necr       0%         N/A       100%        6
 Enfeeble                 Hex            0%         N/A       100%        7


Dungeon Overview and Level Annotations

Branches:
Dungeon (7/15)             Temple (0/1) D:6          Bailey (1/1)

Altars:
Ashenzari
Hepliaklqana
Trog
Wu Jian

Portals:
Abyss: D:3

Annotations:
D:3 2 transporters, aloevera1's ghost, amateur TrBe


Innate Abilities, Weirdness & Mutations

Your life essence is reduced to manifest your ancestor. (-10% HP)
You have very sharp fingernails.
You are partially covered in yellow scales. (AC +2)
You may rarely emit foul miasma when damaged in melee.


Message History

You have reached level 9!
Your experience leads to an increase in your attributes!
Increase (S)trength, (I)ntelligence, or (D)exterity?
You feel stronger. x2
Cashila remembers more of her old skill.
The orc hits Cashila with a +0 halberd.
Cashila hits the orc with a +0 dagger of draining.
The orc warrior hits Cashila with a +0 halberd!
Cashila casts a spell at the orc.
The orc struggles to resist.
The orc barely misses Cashila.
Cashila closely misses the orc.
The orc warrior hits Cashila with a +0 halberd!
An orc knight comes into view. It is wielding a +0 glaive.
The orc hits Cashila with a +0 halberd!
Cashila is destroyed!
You rampage towards the orc warrior!
The orc knight shouts!
You hit the orc warrior. You freeze the orc warrior.
The orc warrior is almost dead.
The orc closely misses you. The orc warrior barely misses you.
The orc hits you but does no damage. The orc closely misses you.
You hit the orc warrior. You freeze the orc warrior.
The orc warrior is almost dead.
The orc hits you but does no damage. The orc barely misses you.
You rampage towards the orc knight!
An orc warrior comes into view. It is wielding a +0 halberd.
The orc warrior shouts!
The orc knight roars a battlecry!
The orcs go into a battle-frenzy!
The orc warrior misses you. The orc knight barely misses you.
There is a large open door here.
The orc misses you.
You rampage towards the orc!
You barely miss the orc. You closely miss the orc knight.
The orc barely misses you.
The orc knight hits you with a +0 glaive!!
* * * LOW HITPOINT WARNING * * *
The orc barely misses you.
You barely miss the orc. You hit the orc knight. You freeze the orc knight.
The orc knight hits you with a +0 glaive!
You die...

#..........#
##..........##
............###
.♣............♣
#.♣♣.......♣.♣..
...............≈
...#....#....≈≈
≈≈≈#....#≈≈≈≈≈≈
≈≈≈ #.o@.#≈≈≈≈≈≈
≈≈≈ #.o..#≈≈≈≈≈≈
≈≈≈≈#..o.#≈≈≈≈≈♣
≈...#..o.#...♣♣♣
...........♣...
.......o.......
####........####
#$.####''####.$#
#...)).........#


You could see an orc knight, 2 orc warriors and 2 orcs.

Vanquished Creatures
  Menkaure (D:5)
  A water moccasin (D:6)
  An orc warrior (Bailey)
  An ice beast (D:6)
  2 ogres
  4 scorpions
  6 hounds
  4 jellies
  An orc priest (D:4)
  2 iguanas
  Robin (D:3)
  5 gnolls
  A river rat (D:6)
  6 adders
  An ufetubus (D:6)
  4 worms
  10 orcs
  8 ball pythons
  4 endoplasms
  2 giant cockroaches
  6 goblins
  5 hobgoblins
  3 jackals (D:3)
  5 kobolds
  6 quokkas
  2 bats (D:1)
  4 frilled lizards
  5 rats
101 creatures vanquished.

Vanquished Creatures (collateral kills)
  2 orc warriors (Bailey)
  An ice beast (D:6)
  A kobold brigand (D:7)
  A bullfrog (D:7)
  A jelly (D:7)
  A gnoll bouda (D:7)
  2 gnolls (D:7)
  An adder (D:6)
  A worm (D:6)
  6 orcs
  A goblin (D:7)
  A hobgoblin (D:7)
  3 kobolds (D:7)
  A rat (D:6)
23 creatures vanquished.

Vanquished Creatures (others)
  A hexer (Bailey)
1 creature vanquished.

Grand Total: 125 creatures vanquished

Notes
Turn   | Place    | Note
-------+----------+-------------------------------------------
     0 | D:1      | booth the Demonspawn Gladiator began the quest for the Orb.
     0 | D:1      | Reached XP level 1. HP: 16/16 MP: 1/1
   311 | D:1      | Gained mutation: You have sharp fingernails. [demonic
                  | ancestry]
   311 | D:1      | Reached XP level 2. HP: 20/22 MP: 2/2
   486 | D:1      | Found a faded altar of an unknown god.
   655 | D:1      | You fall into a shaft and drop 1 floor!
   773 | D:2      | Reached skill level 3 in Axes
  1431 | D:3      | Noticed Robin
  1437 | D:3      | Gained mutation: You are partially covered in yellow
                  | scales. (AC +2) [demonic ancestry]
  1437 | D:3      | Reached XP level 3. HP: 28/28 MP: 3/3
  1441 | D:3      | Killed Robin
  1448 | D:3      | Identified the +3 leather armour of Death Resistance
                  | {Rampage rF+}
  1510 | D:3      | Found a bloodstained altar of Trog.
  1668 | D:3      | Found a transporter.
  1670 | D:3      | Found a transporter.
  1687 | D:3      | Found a one-way gate to the infinite horrors of the Abyss.
  1687 | D:3      | Noticed aloevera1's ghost (amateur TrBe)
  1955 | D:3      | Noticed an angel
  1978 | D:3      | Noticed a kobold brigand
  2013 | D:3      | Noticed a small abomination
  2292 | D:4      | Noticed a scorpion
  2299 | D:4      | Killed a scorpion
  2300 | D:4      | Reached XP level 4. HP: 27/34 MP: 4/4
  2525 | D:4      | Reached XP level 5. HP: 41/41 MP: 5/5
  2603 | D:4      | Reached skill level 4 in Axes
  2702 | D:4      | Reached XP level 6. HP: 41/47 MP: 6/6
  3118 | D:4      | Found a hazy altar of Hepliaklqana.
  3128 | D:4      | Became a worshipper of Hepliaklqana the Forgotten
  3168 | D:5      | Entered Level 5 of the Dungeon
  3391 | D:5      | Reached skill level 5 in Axes
  3391 | D:5      | Gained mutation: You have very sharp fingernails. [demonic
                  | ancestry]
  3391 | D:5      | Reached XP level 7. HP: 53/53 MP: 7/7
  3449 | D:5      | Noticed Menkaure
  3463 | D:5      | Killed Menkaure
  4560 | D:6      | Reached * piety under Hepliaklqana
  4569 | D:6      | Found a staircase to the Ecumenical Temple.
  4719 | D:6      | Reached skill level 6 in Axes
  4719 | D:6      | Gained mutation: You may rarely emit foul miasma when
                  | damaged in melee. [demonic ancestry]
  4719 | D:6      | Reached XP level 8. HP: 31/54 MP: 8/8
  5181 | D:6      | Found an ornate altar of the Wu Jian Council.
  5187 | D:6      | Noticed a spectral centipede
  5187 | D:6      | Noticed a spectral black mamba
  5263 | D:6      | Reached skill level 5 in Dodging
  5505 | D:7      | Reached skill level 5 in Fighting
  5682 | D:7      | Found a broken altar of Ashenzari.
  5707 | D:7      | Reached ** piety under Hepliaklqana
  5714 | D:7      | Remembered your ancestor Cashila as a hexer
  5896 | D:7      | Found a flagged portal.
  5953 | Bailey   | Entered a bailey
  5980 | Bailey   | Reached skill level 7 in Axes
  5987 | Bailey   | Reached skill level 5 in Throwing
  5997 | Bailey   | Reached XP level 9. HP: 24/61 MP: 9/9
  5999 | Bailey   | Noticed an orc knight
  6014 | Bailey   | Slain by an orc knight

Illustrated notes

Levels and vault maps discovered:
D:1:      minmay_arrival_wavy_path, layout_loops_ring,
          hellmonk_ecumenical_altar_lost_god, dreamdust_princess_corridor
D:2:      layout_loops_ring
D:3:      layout_basic, overflow_temple_1_default, zin_angel,
          gammafunk_ghost_abyssal_escape, uniq_robin
D:4:      layout_loops_ring, mainiacjoe_overflow_alcove_4,
          hangedman_decor_riveting, minmay_misc_feat_room, serial_bayou_ford_a
D:5:      layout_cave_pods, uniq_menkaure
D:6:      layout_loops_ring, pdpol_wu_jian_five_deadly_venoms,
          minmay_temple_entry_wispy, portal_sewer_entry_e
D:7:      layout_basic, tso_metal_star, nicolae_overflow_hidden_temple,
          enter_bailey_4
Bailey:   bailey_polearm_elven_captive_hellmonk, bailey

Skill      XL: |  1  2  3  4  5  6  7  8 |
---------------+-------------------------+-----
Throwing       | 2 3 4 5 |  5.1
Axes           | 3 4 5 6 7 |  7.3
Dodging        | 3 4 5 |  5.4
Fighting       | 3 4 5 |  5.5

Action                     |  1- 3 |  4- 6 |  7- 9 || total
---------------------------+-------+-------+-------++-------
  Melee: War axe           |    30 |    15 |   141 ||   186
         Mace              |    61 |    62 |       ||   123
  Throw: Javelin           |       |       |     2 ||     2
         Dart              |       |       |     2 ||     2
 Invoke: Ancestor Life: He |       |       |     1 ||     1
         Ancestor Identity |       |       |     1 ||     1
    Use: Scroll            |     8 |     1 |     7 ||    16
         Potion            |     2 |     1 |     4 ||     7
   Stab: Distracted        |       |       |     2 ||     2
         Confused          |       |       |     1 ||     1
 Armour: Leather armour    |    26 |    41 |    51 ||   118
  Dodge: Dodged            |    64 |    50 |   102 ||   216
